 Dungeon Crawl Stone Soup version 0.28.0 (webtiles) character file.

Game seed: 11285037152658883204

27 browni3141 the Chopper (level 2, 0/40 HPs)
             Began as a Minotaur Berserker on Feb 16, 2022.
             Was a Follower of Trog.
             Succumbed to Sigmund's poison
             ... on level 2 of the Dungeon.
             The game lasted 00:00:27 (832 turns).

browni3141 the Chopper (Minotaur Berserker)          Turns: 832, Time: 00:00:28

Health: 0/40       AC:  2    Str: 21    XL:     2   Next: 93%
Magic:  1/1        EV: 12    Int:  4    God:    Trog [*.....]
Gold:   84         SH:  0    Dex:  9    Spells: 1/1 levels left

rFire   . . .      SeeInvis .   a - +0 hand axe
rCold   . . .      Faith    .   (no shield)
rNeg    . . .      Spirit   .   b - +0 animal skin
rPois   .          Reflect  .   (helmet restricted)
rElec   .          Harm     .   (no cloak)
rCorr   .          Rampage  .   (no gloves)
Will    .....                   (no boots)
Stlth   ..........              e - amulet of regeneration
HPRegen 0.93/turn               (no ring)
MPRegen 0.07/turn               (no ring)

@: berserking, lethally poisoned (0 -> -5), very quick
A: horns 2, retaliatory headbutt
a: Renounce Religion, Berserk


You were on level 2 of the Dungeon.
You worshipped Trog.
Trog was aware of your devotion.
You visited 1 branch of the dungeon, and saw 2 of its levels.

You collected 84 gold pieces.

Inventory:

Hand Weapons
 a - a +0 hand axe (weapon)
Armour
 b - a +0 animal skin (worn)
Jewellery
 e - an amulet of regeneration (around neck)
Scrolls
 c - 3 scrolls of teleportation {unknown}
 d - a scroll of acquirement {unknown}
 f - a scroll of blinking {unknown}
 g - 2 scrolls of identify {unknown}


   Skills:
 + Level 4.1 Fighting
 + Level 4.1 Axes
 + Level 3.1 Armour
 - Level 2.2 Dodging


You had one spell level left.
You didn't know any spells.
Your spell library was empty.

Dungeon Overview and Level Annotations

Branches:
Dungeon (2/15)

Altars:

Annotations:
D:2 Sigmund


Innate Abilities, Weirdness & Mutations

You have a pair of horns on your head.
You reflexively headbutt those who attack you in melee.


Message History

Trog accepts your kill.
g - 2 scrolls labelled BONUME LYECH (gained 1) Key pressed, stopping explore.
No target in view!
No target in view!
You open the door.
Found 11 arrows.
No target in view!
There is an open door here.
You see here 11 arrows.
Found 25 sling bullets.
No target in view!
Found 13 arrows.
No target in view!
Sigmund the Dreaded comes into view.
He is wielding a +1 scythe of venom.
Sigmund shouts!
Sigmund hits you from afar with a +1 scythe of venom!
You are lethally poisoned!
You feel very sick. Sigmund misses you.
You see here 25 sling bullets.
There is a lethal amount of poison in your body!
There is a lethal amount of poison in your body!
You hit Sigmund.
Sigmund is lightly wounded.
* * * LOW HITPOINT WARNING * * *
You feel very sick.
There is a lethal amount of poison in your body!
You are too injured to fight recklessly!
Unknown command.
A red film seems to cover your vision as you go berserk!
You feel yourself moving faster!
You feel mighty!
You feel very sick. Sigmund looks at you with fury.
Sigmund gestures at you while chanting. The magic dart hits you!
* * * LOW HITPOINT WARNING * * *
You closely miss Sigmund.
Sigmund is lightly wounded.
You die...

.. #. .## .(# #.
#.# #. #.# ##
#.##.###...#
#....@@..#
#....###...# #....#
## #....# #....#
##+## ###..#
##...## #..##
##.....## #...##
##.......##
#....####.........#


You could see Sigmund.

Vanquished Creatures
  A ball python (D:1)
  3 bats
  3 endoplasms (D:1)
  2 giant cockroaches (D:1)
  4 hobgoblins
  3 jackals (D:1)
  A frilled lizard (D:1)
  3 kobolds (D:1)
  5 rats
25 creatures vanquished.

Notes
Turn   | Place    | Note
-------+----------+-------------------------------------------
     0 | D:1      | browni3141 the Minotaur Berserker began the quest for the
                  | Orb.
     0 | D:1      | Reached XP level 1. HP: 19/19 MP: 0/0
   174 | D:1      | Reached XP level 2. HP: 27/27 MP: 1/1
   328 | D:1      | Found a faded altar of an unknown god.
   828 | D:2      | Noticed Sigmund
   831 | D:2      | HP: 1/40 [Sigmund/magic dart (8)]
   832 | D:2      | Succumbed to Sigmund's poison

Illustrated notes

Levels and vault maps discovered:
D:1:      evilmike_arrival_come_back, layout_loops_ring,
          shapermc_ecumenical_altar_starsandcircs
D:2:      layout_loops_corners, serial_park_tiny_2, uniq_sigmund

Skill      XL: |  1  2 |
---------------+-------+-----
Axes           | 4 |  4.1
Fighting       | 4 |  4.1
Armour         | 3 |  3.1
Dodging        | |  2.2

Action                   || total
-------------------------++-------
Melee: Hand axe          ||    52
       Headbutt          ||     7
Invok: Berserk           ||     1
Armor: Animal skin       ||    12
Dodge: Dodged            ||    37
